 Dungeon Crawl Stone Soup version 0.29.0-4-gdea44cf6ec (webtiles) character file.

Game seed: 5828723816681172867

418 qw the Chopper (level 6, -2/37 HPs)
             Began as a Tengu Warper on Aug 28, 2022.
             Slain by an ogre
             ... wielding a +0 giant club
              (31 damage)
             ... on level 4 of the Dungeon.
             The game lasted 00:00:17 (3178 turns).

qw the Chopper (Tengu Warper)                       Turns: 3178, Time: 00:00:18

Health: -2/37      AC:  8    Str: 13    XL:     6   Next: 93%
Magic:  10/10      EV:  7    Int: 13    God:
Gold:   118        SH:  0    Dex: 14    Spells: 9/9 levels left

rFire   . . .      SeeInvis .   Y - +1 hand axe
rCold   . . .      Faith    .   (no shield)
rNeg    + . .      Spirit   .   b - +0 chain mail
rPois   .          Reflect  .   (helmet restricted)
rElec   .          Harm     .   (no cloak)
rCorr   .          Rampage  .   (no gloves)
Will    .....                   (boots unavailable)
Stlth   ..........              e - amulet of regeneration
HPRegen 0.92/turn               f - +4 ring of slaying {mikee}
MPRegen 0.12/turn               j - ring of positive energy

@: flying quickly and evasively, quick
A: beak, talons 3, nimble flight
a: no special abilities


You were on level 4 of the Dungeon.
You visited 1 branch of the dungeon, and saw 4 of its levels.

You collected 118 gold pieces.


Innate Abilities, Weirdness & Mutations

You have a beak for a mouth.
You have claws for feet.
Your magical nature lets you fly swiftly and evasively.


   Skills:
 - Level 3.0 Fighting
 + Level 7.2 Axes
 - Level 1.0 Throwing
 - Level 2.0 Armour
 - Level 2.1 Dodging
 - Level 2.0 Spellcasting
 - Level 2.4 Translocations


You had 9 spell levels left.
You didn't know any spells.
Your spell library contained the following spells:

 Spells                   Type           Power      Damage    Failure   Level
 Blink                    Tloc           14%        N/A       99%         2
 Gell's Gravitas          Tloc           7%         N/A       100%        3
 Lesser Beckoning         Tloc           7%         N/A       100%        3
 Teleport Other           Tloc           7%         N/A       100%        3
 Manifold Assault         Tloc           7%         N/A       100%        5

Inventory:

Hand Weapons
 d - a +2 morningstar of draining
 Y - a +1 hand axe (weapon)
Armour
 b - a +0 chain mail (worn)
Jewellery
 e - an amulet of regeneration (around neck)
 f - a +4 ring of slaying (left hand) {mikee}
 j - a ring of positive energy (right hand)
Scrolls
 a - a scroll of identify
Potions
 c - a potion of curing
 h - a potion of attraction {unknown}
 l - a potion of flight {unknown}
 m - a potion of resistance {unknown}

Dungeon Overview and Level Annotations

Branches:
Dungeon (4/15)
 Temple: D:4-7

Altars:
Trog


Message History

You reach down and open the door.
There is an open door here.
You reach down and open the door.
There is an open door here.
You reach down and open the door.
Found a bloodstained altar of Trog.
There is an open door here.
You reach down and open the door.
There is an open door here.
You reach down and open the door.
There is an open door here.
You reach down and open the door.
An ogre comes into view. It is wielding a +0 giant club.
The ogre shouts!
There is an open door here.
Enter note: A hound comes into view.
3170 ||| Stepping ~*~*~tactically~*~*~ (stealth).
The hound barks!
There is an open door here.
You slash the ogre!
The ogre is moderately wounded.
You hit the hound. The hound bites you. The ogre barely misses you.
You completely miss the ogre. You peck the ogre.
The ogre is heavily wounded.
You hit the hound. The hound bites you. The hound bites you but does no damage.
The ogre hits you with a +0 giant club.
You hit the ogre.
The ogre is severely wounded.
You hit the hound. The hound bites you.
You completely miss the ogre.
The ogre is severely wounded.
You closely miss the hound. The hound barely misses you.
The ogre hits you with a +0 giant club!!
Ouch! That really hurt!
You die...

....#+# .......
....... .......
.......#+######
..####...........#
....#...Oh......#
...# ###@##+ #..#
#.....#
#..###.....#
#....+##'##+##+
#...##..#.....#
#<%.'#..#'###+#
##..##..#.....#
##..'..'.._..+
#..##..#.....#


You could see an ogre and a hound.

Vanquished Creatures
  Sigmund (D:2)
  A hound (D:4)
  An orc priest (D:3)
  Jessica (D:3)
  Terence (D:2)
  Natasha (D:2)
  An orc wizard (D:3)
  3 adders
  A worm (D:2)
  2 dart slugs
  4 orcs (D:3)
  2 bats
  6 endoplasms
  4 giant cockroaches
  4 goblins
  4 hobgoblins
  2 jackals (D:2)
  8 kobolds
  2 quokkas
  4 ball pythons
  5 frilled lizards
  5 rats
63 creatures vanquished.

Vanquished Creatures (others)
  An orc wizard (D:3)
1 creature vanquished.

Grand Total: 64 creatures vanquished

Notes
Turn   | Place    | Note
-------+----------+-------------------------------------------
     0 | D:1      | qw the Tengu Warper began the quest for the Orb.
     0 | D:1      | Reached XP level 1. HP: 12/12 MP: 4/4
     0 | D:1      | 0 ||| qw: Version: 0.1-a-89-g26bdef1
     0 | D:1      | 0 ||| qw: Game counter: 2904
     0 | D:1      | 0 ||| qw: Always use a shield: true
     0 | D:1      | 0 ||| qw: God list: Okawaru
     0 | D:1      | 0 ||| qw: Allow faded altars: false
     0 | D:1      | 0 ||| qw: Do Orc after D:15 true
     0 | D:1      | 0 ||| qw: Do second Lair branch before Depths: true
     0 | D:1      | 0 ||| qw: Lair rune preference: random
     0 | D:1      | 0 ||| qw: Plans: Normal
     0 | D:1      | 0 ||| PLANNING D:1-11
   277 | D:1      | 277 ||| Stepping ~*~*~tactically~*~*~ (stealth).
   278 | D:1      | 278 ||| Stepping ~*~*~tactically~*~*~ (stealth).
   289 | D:1      | 289 ||| Stepping ~*~*~tactically~*~*~ (stealth).
   294 | D:1      | Reached XP level 2. HP: 17/17 MP: 6/6
   294 | D:1      | 294 ||| Stepping ~*~*~tactically~*~*~ (stealth).
   300 | D:1      | Reached skill level 3 in Axes
   485 | D:1      | 485 ||| Stepping ~*~*~tactically~*~*~ (stealth).
   487 | D:1      | 487 ||| Stepping ~*~*~tactically~*~*~ (stealth).
   749 | D:1      | 749 ||| Stepping ~*~*~tactically~*~*~ (stealth).
   750 | D:1      | 750 ||| Stepping ~*~*~tactically~*~*~ (stealth).
   797 | D:1      | 797 ||| Stepping ~*~*~tactically~*~*~ (stealth).
   807 | D:1      | 807 ||| DROPPING +0 club.
   872 | D:1      | 872 ||| UPGRADING to +0 scale mail.
   882 | D:1      | 882 ||| DROPPING +0 leather armour.
   883 | D:1      | 883 ||| READING scroll labelled XUDOASS XADE.
   884 | D:1      | 884 ||| DRINKING 2 white potions.
   885 | D:1      | 885 ||| DROPPING scroll of blinking.
  1045 | D:2      | Reached XP level 3. HP: 21/21 MP: 7/7
  1045 | D:2      | 1045 ||| Stepping ~*~*~tactically~*~*~ (stealth).
  1047 | D:2      | 1047 ||| Stepping ~*~*~tactically~*~*~ (stealth).
  1056 | D:2      | Reached skill level 4 in Axes
  1142 | D:2      | Noticed Terence
  1143 | D:2      | 1143 ||| Stepping ~*~*~tactically~*~*~ (stealth).
  1152 | D:2      | HP: 4/21 [Terence/+0 short sword (7)]
  1153 | D:2      | 1153 ||| DRINKING potion of heal wounds.
  1163 | D:2      | HP: 5/21 [Terence/+0 short sword (6)]
  1167 | D:2      | Killed Terence
  1168 | D:2      | Reached XP level 4. HP: 6/26 MP: 8/8
  1758 | D:2      | Noticed Natasha
  1762 | D:2      | Reached skill level 5 in Axes
  1766 | D:2      | Killed Natasha
  1814 | D:2      | 1814 ||| DROPPING +0 whip.
  1853 | D:2      | Gained mutation: Your magical nature lets you fly swiftly
                  | and evasively. [Tengu growth]
  1853 | D:2      | Reached XP level 5. HP: 26/30 MP: 9/9
  2254 | D:2      | Noticed Sigmund
  2261 | D:2      | Killed Sigmund
  2262 | D:2      | Reached skill level 6 in Axes
  2262 | D:2      | Reached XP level 6. HP: 33/35 MP: 10/10
  2289 | D:2      | 2289 ||| UPGRADING to +0 chain mail.
  2299 | D:2      | 2299 ||| DROPPING +0 scale mail.
  2300 | D:2      | 2300 ||| UPGRADING to +4 ring of slaying {mikee}.
  2301 | D:2      | 2301 ||| READING 2 scrolls labelled IVOIBOROUV.
  2302 | D:2      | 2302 ||| READING scroll labelled FAULOHO VOHY.
  2303 | D:2      | 2303 ||| READING scroll labelled OWAPRETONUKHLU.
  2461 | D:3      | Noticed Jessica
  2466 | D:3      | Killed Jessica
  2803 | D:3      | Reached skill level 7 in Axes
  3001 | D:3      | Reached skill level 3 in Fighting
  3106 | D:3      | 3106 ||| UPGRADING to amulet of regeneration.
  3111 | D:3      | 3111 ||| UPGRADING to ring of positive energy.
  3112 | D:3      | 3112 ||| READING scroll labelled YNURHY WULAL.
  3115 | D:3      | 3115 ||| DRINKING 3 grey potions.
  3116 | D:3      | 3116 ||| READING 3 scrolls of identify.
  3116 | D:3      | 3116 ||| IDENTIFYING clear potion
  3117 | D:3      | 3117 ||| READING 2 scrolls of identify.
  3117 | D:3      | 3117 ||| IDENTIFYING coppery potion
  3118 | D:3      | 3118 ||| DROPPING potion of lignification.
  3119 | D:3      | 3119 ||| DROPPING 2 potions of magic.
  3157 | D:4      | Found a bloodstained altar of Trog.
  3170 | D:4      | 3170 ||| Stepping ~*~*~tactically~*~*~ (stealth).
  3178 | D:4      | Slain by an ogre

Levels and vault maps discovered:
D:1:      amcnicky_arrival_gap_in_the_tavern_cellar, layout_loops_ring,
          serial_park_tiny_1, minmay_cut_off
D:2:      layout_loops_cross, minmay_tetromino_o4, uniq_sigmund, uniq_natasha,
          uniq_terence
D:3:      layout_basic, amcnicky_mini_rare_corridor_liquid, minmay_cupped,
          uniq_jessica
D:4:      layout_gridville, dancing_weapons_uskayaw,
          mainiacjoe_overflow_24_doors, nicolae_shop_clearance, uniq_pikel

Skill      XL: |  1  2  3  4  5  6 |
---------------+-------------------+-----
Axes           | 3 4 5 6 7 |  7.2
Armour         | 2 |  2.0
Fighting       | 3 |  3.0
Throwing       | |  1.0
Dodging        | |  2.1
Spellcasting   | |  2.0
Translocations | |  2.4

Action                   |  1- 3 |  4- 6 || total
-------------------------+-------+-------++-------
Melee: Hand axe          |    75 |    84 ||   159
       Peck              |    13 |     8 ||    21
       Kick              |    14 |    21 ||    35
       Punch             |     1 |       ||     1
       Unarmed           |       |     1 ||     1
Throw: Boomerang         |     7 |       ||     7
  Use: Potion            |     2 |     1 ||     3
       Scroll            |     1 |     6 ||     7
Armor: Leather armour    |     7 |       ||     7
       Scale mail        |    13 |     8 ||    21
       Chain mail        |       |    13 ||    13
Dodge: Dodged            |    27 |    29 ||    56

Table legend:
 A = Non-vault XP
 B = Vault XP
 C = Vault XP percentage of total XP
 D = Non-vault monster count
 E = Vault monster count
 F = Vault count percentage of total count
                 A         B        C        D         E       F
            +---------+---------+-------+---------+---------+-------
      Total |     257 |     341 |  57.0 |      52 |      12 |  18.8
            +---------+---------+-------+---------+---------+-------
        D:1 |      23 |       5 |  17.9 |      14 |       3 |  17.6
        D:2 |      67 |     281 |  80.7 |      23 |       5 |  17.9
        D:3 |     122 |      55 |  31.1 |      14 |       4 |  22.2
        D:4 |      45 |       0 |   0.0 |       1 |       0 |   0.0
            +---------+---------+-------+---------+---------+-------
